 Dungeon Crawl Stone Soup version 0.30.0 (webtiles) character file.

Game seed: 4958748133818803028

620 onion5 the Chopper (level 7, 61/61 HPs)
             Began as a Minotaur Berserker on Dec 1, 2023.
             Was a Believer of Trog.
             Quit the game on level 3 of the Dungeon on Dec 2, 2023.
             The game lasted 00:45:48 (2734 turns).

onion5 the Chopper (Minotaur Berserker)             Turns: 2734, Time: 00:45:49

Health: 61/61      AC: 13    Str: 24    XL:     7   Next: 22%
Magic:  6/6        EV:  7    Int:  4    God:    Trog [**....]
Gold:   68         SH:  0    Dex:  9    Spells: 6/6 levels left

rFire   + . .        s - +0 hand axe {Blood}
rCold   . . .        (no shield)
rNeg    . . .        u - +0 plate armour
rPois   +            (helmet restricted)
rElec   .            (no cloak)
rCorr   .            P - +0 pair of gloves
SInv    .            (no boots)
Will    .....        (no amulet) Stlth
                     E - ring of protection from fire
HPRegen 0.30/turn    R - ring of poison resistance
MPRegen 0.10/turn

%: no passive effects
@: no status effects
A: horns 2, retaliatory headbutt
a: Renounce Religion, Berserk, Trog's Hand


You were on level 3 of the Dungeon.
You worshipped Trog.
Trog was pleased with you.
You visited 1 branch of the dungeon, and saw 5 of its levels.

You collected 68 gold pieces.

Inventory:

Hand Weapons
 j - a +0 short sword
 l - a +0 club
 n - a +0 club
 o - a +0 sling
 p - a +0 club
 q - a +0 club
 s - a +0 hand axe (weapon) {Blood}
 w - a +0 mace
 z - a +0 club
 A - a +0 dagger
 C - a +0 dagger
 F - a +0 short sword
 K - a +0 short sword
 L - a +0 flail
 M - a +0 spear
 N - a +0 spear
 Q - a +0 club
 S - a +0 dagger
 W - a +0 club
 X - a +0 dagger
 Y - a +0 whip
Missiles
 f - 5 poisoned darts
 r - 32 stones (quivered)
Armour
 b - a +0 animal skin
 u - a +0 plate armour (worn)
 y - a +0 robe
 D - a +0 buckler of protection
 H - a +0 leather armour
 O - a +0 leather armour
 P - a +0 pair of gloves (worn)
 T - a +0 robe
 U - +0 steam dragon scales
 V - a +0 leather armour
Jewellery
 E - a ring of protection from fire (left hand)
 R - a ring of poison resistance (right hand)
Wands
 J - a wand of charming (9)
Scrolls
 c - a scroll of immolation
 h - 4 scrolls of identify
Potions
 e - a potion of haste
 g - 3 potions of heal wounds {unknown}
 i - 3 potions of mutation {unknown}
 t - a potion of brilliance {unknown}
 v - a potion of might {unknown}
 B - 3 potions of lignification {unknown}
 G - a potion of curing {unknown}
 I - a potion of cancellation {unknown}


   Skills:
 + Level 5.1 Fighting
 + Level 7.7 Axes
 * Level 2.2 Throwing
 + Level 4.2 Armour
 + Level 2.9 Dodging
 + Level 0.5 Stealth


You had 6 spell levels left.
You didn't know any spells.
Your spell library contained the following spells:

 Spells                   Type           Power      Damage    Failure   Level
 Volatile Blastmotes      Fire/Tloc      0%         2d10      100%        3
 Fulminant Prism          Conj/Hex       0%         3d5       100%        4
 Iskenderun's Mystic Bla  Conj/Tloc      0%         2d3       100%        4
 Lee's Rapid Deconstruct  Erth           0%         3d4*      100%        5


Dungeon Overview and Level Annotations

Branches:
Dungeon (5/15)
 Temple: D:4-7

Altars:
Ru

Annotations:
D:3 2 transporters, 5 exclusions


Innate Abilities, Weirdness & Mutations

You have a pair of horns on your head.
You reflexively headbutt those who attack you in melee.


Message History

Press: ? - help, v - describe, . - travel The floor.
You're in a travel-excluded area, stopping travel.
Items here: ))))).
There are no items here.
You are now empty-handed.
s - a +0 hand axe (weapon)
{Blood}
Okay, then.
Press: ? - help, v - describe, . - travel The floor.
You're in a travel-excluded area, stopping travel.
Okay, then.
Cleave: s) +0 hand axe {Blood}
Press: ? - help, Dir - move target You swing at nothing.
You don't know any spells.
Assign waypoint to what number? (0-9)
Okay, then.
Level annotation: 2 transporters, 5 exclusions Welcome back, onion5 the Minotaur Berserker.
Trog says: Kill them all!
Press ? for a list of commands and other information.
Okay, then.
Stopped running for exclusion.
You don't know any spells.
Okay, then.
(D) Dungeon
Where to? (? - help)
Okay, then.
Level annotation: 2 transporters, 5 exclusions Welcome back, onion5 the Minotaur Berserker.
Trog says: Kill them all!
Press ? for a list of commands and other information.
Are you sure you want to abandon this character and quit the game? (Confirm with "yes".)

#####
#######...###
#..##.......##
###.......8...8#
###.....8)......_#
#.'.........8...8#
#.#....##..@....##
..©
#.#####.###...###
### ######.#
#..##########. 8.©
.....#.#
#......'...... P.?
####.#.#
##.....#######
###+ #.#.#
#.....##### #~~~
#...# #.........#
#~~~ #####
#.........# #~P~
###.......# #~PS


There were no monsters in sight!

Vanquished Creatures
  A steam dragon (D:4)
  A black bear (D:4)
  A phantom (D:4)
  A scorpion (D:4)
  2 sleepcaps (D:4)
  3 iguanas (D:4)
  An orc wizard (D:4)
  3 gnolls (D:4)
  2 adders
  2 dart slugs
  An orc (D:3)
  4 bats
  7 endoplasms
  6 giant cockroaches
  7 hobgoblins
  3 quokkas (D:1)
  8 ball pythons
  3 frilled lizards (D:2)
  5 goblins
  10 kobolds
  3 rats (D:1)
74 creatures vanquished.

Notes
Turn   | Place    | Note
-------+----------+-------------------------------------------
     0 | D:1      | onion5 the Minotaur Berserker began the quest for the Orb.
     0 | D:1      | Reached XP level 1. HP: 19/19 MP: 0/0
   219 | D:1      | Reached skill level 4 in Axes
   219 | D:1      | Reached XP level 2. HP: 27/27 MP: 1/1
   391 | D:1      | Reached XP level 3. HP: 27/33 MP: 2/2
   661 | D:1      | Reached ** piety under Trog
  1389 | D:2      | You fall into a shaft and drop 1 floor!
  1393 | D:3      | Found a transporter.
  1401 | D:3      | Reached XP level 4. HP: 37/41 MP: 3/3
  1417 | D:3      | Found a transporter.
  1572 | D:4      | Reached skill level 5 in Axes
  1622 | D:5      | Entered Level 5 of the Dungeon
  1698 | D:4      | Reached skill level 1 in Throwing
  1808 | D:4      | Reached XP level 5. HP: 40/47 MP: 4/4
  1914 | D:4      | Noticed a black bear
  1921 | D:4      | Killed a black bear
  1922 | D:4      | Reached skill level 6 in Axes
  1922 | D:4      | Reached XP level 6. HP: 34/55 MP: 5/5
  2049 | D:4      | Found a sacrificial altar of Ru.
  2066 | D:4      | Reached skill level 7 in Axes
  2184 | D:4      | Reached skill level 5 in Fighting
  2212 | D:4      | Noticed a steam dragon
  2227 | D:4      | Killed a steam dragon
  2228 | D:4      | Reached XP level 7. HP: 31/61 MP: 6/6
  2570 | D:3      | Found a faded altar of an unknown god.
  2734 | D:3      | Quit the game

Illustrated notes

Levels and vault maps discovered:
D:1:      saegor_arrival_simple_c, layout_basic, serial_park_tiny_pond
D:2:      layout_loops_cross
D:3:      gammafunk_steamed_eel, layout_basic, mainiacjoe_overflow_paths,
          fedhas_altar_1, hellmonk_ecumenical_altar_prayer_group,
          kennysheep_generic_room_15
D:4:      layout_cave_pools, nicolae_ru_great_annihilating_truth
D:5:      layout_basic

Skill      XL: |  1  2  3  4  5  6 |
---------------+-------------------+-----
Axes           | 4 5 6 7 |  7.7
Fighting       | 4 5 |  5.1
Throwing       | 1 2 |  2.2
Armour         | 3 4 |  4.2
Dodging        | |  2.9
Stealth        | |  0.5

Action                     |  1- 3 |  4- 6 |  7- 9 || total
---------------------------+-------+-------+-------++-------
  Melee: Hand axe          |    63 |    86 |     8 ||   157
         Headbutt          |     6 |    23 |       ||    29
         Punch             |       |     1 |       ||     1
  Throw: Dart              |    17 |    18 |     2 ||    37
 Invoke: Berserk           |       |       |     1 ||     1
    Use: Scroll            |     3 |       |       ||     3
   Stab: Paralysed         |       |     1 |       ||     1
 Armour: Animal skin       |     7 |       |       ||     7
         Plate armour      |    12 |    43 |     4 ||    59
  Dodge: Dodged            |    43 |    30 |     5 ||    78
